 Dungeon Crawl Stone Soup version 0.29.0-13-gc9e81de378 (webtiles) character file.

Game seed: 299136467753766461

573 gelatine the Chopper (level 7, -3/52 HPs)
             Began as a Demonspawn Gladiator on Sept 11, 2022.
             Slain by a gargoyle
             ... wielding a +2 vorpal flail
              (15 damage)
             ... on level 5 of the Dungeon.
             The game lasted 00:09:35 (3941 turns).

gelatine the Chopper (Demonspawn Gladiator)         Turns: 3941, Time: 00:09:35

Health: -3/52      AC:  8    Str: 14    XL:     7   Next: 12%
Magic:  16/16      EV: 11    Int: 12    God:
Gold:   186        SH:  4    Dex: 14    Spells: 6/6 levels left

rFire   . . .      SeeInvis .   a - +0 war axe
rCold   . . .      Faith    .   (no shield)
rNeg    . . .      Spirit   .   f - +0 ring mail
rPois   .          Reflect  .   h - +0 helmet
rElec   .          Harm     .   (no cloak)
rCorr   .          Rampage  .   (no gloves)
Will    .....                   (no boots)
Stlth   +.........              (no amulet)
HPRegen 0.17/turn               q - ring of magical power
MPRegen 0.15/turn               t - +4 ring of slaying

@: no status effects
A: yellow scales 1, spiny 1, condensation shield
a: no special abilities


You were on level 5 of the Dungeon.
You visited 1 branch of the dungeon, and saw 5 of its levels.

You collected 186 gold pieces.

Inventory:

Hand Weapons
 a - a +0 war axe (weapon)
 l - a +4 dagger
Missiles
 p - a poisoned dart
 r - 3 silver javelins (quivered)
Armour
 b - a +0 leather armour
 c - a +0 helmet
 d - a +0 scale mail
 f - a +0 ring mail (worn)
 h - a +0 helmet (worn)
Jewellery
 q - a ring of magical power (left hand)
 t - a +4 ring of slaying (right hand)
Scrolls
 e - a scroll of blinking
 g - 2 scrolls of teleportation
 j - 2 scrolls of enchant armour
 k - a scroll of immolation {unknown}
 o - 2 scrolls of enchant weapon
 s - a scroll of amnesia {unknown}
Potions
 i - a potion of flight
 m - 3 potions of curing
 n - a potion of brilliance
 u - a potion of lignification {unknown}


   Skills:
 * Level 3.1 Fighting
 * Level 5.2 Axes
 + Level 2.1 Throwing
 * Level 2.3 Armour
 * Level 3.4 Dodging
 * Level 1.7 Stealth
 * Level 2.0 Shields


You had 6 spell levels left.
You didn't know any spells.
Your spell library contained the following spells:

 Spells                   Type           Power      Damage    Failure   Level
 Apportation              Tloc           0%         N/A       54%         1
 Necrotise                Necr           0%         1d4       54%         1
 Call Canine Familiar     Summ           0%         N/A       89%         3
 Ignite Poison            Fire/Tmut/Pois 0%         N/A       89%         3
 Mephitic Cloud           Conj/Pois/Air  0%         N/A       89%         3
 Portal Projectile        Hex/Tloc       0%         N/A       89%         3
 Vampiric Draining        Necr           0%         2d6       89%         3
 Leda's Liquefaction      Hex/Erth       0%         N/A       100%        4
 Summon Ice Beast         Ice/Summ       0%         N/A       100%        4
 Agony                    Necr           0%         N/A       100%        5
 Alistair's Intoxication  Tmut/Pois      0%         N/A       100%        5
 Freezing Cloud           Conj/Ice/Air   0%         6-21      100%        5
 Summon Mana Viper        Hex/Summ       0%         N/A       100%        5
 Monstrous Menagerie      Summ           0%         N/A       100%        7


Dungeon Overview and Level Annotations

Branches:
Dungeon (5/15)             Temple (0/1) D:5

Altars:
Fedhas
Gozag
Hepliaklqana
Trog


Innate Abilities, Weirdness & Mutations

You are partially covered in yellow scales. (AC +2)
You are partially covered in sharp spines.
A meltable shield of frost defends you. (SH +4)


Message History

You throw a silver javelin.
The silver javelin pierces through the adder!
You kill the adder!
You see here a black bear corpse.
r - 3 silver javelins (gained 1)
r - 5 silver javelins (gained 2)
u - an emerald potion A hound comes into view.
The hound barks!
You throw a silver javelin.
The silver javelin barely misses the hound.
You throw a silver javelin.
The silver javelin pierces through the hound!
The hound is severely wounded.
You throw a silver javelin.
The silver javelin barely misses the hound.
The hound is struck by your spines.
You kill the hound!
You see here a hound corpse.
r - 5 silver javelins (gained 3)
Found a stone staircase leading down.
You now have 186 gold pieces (gained 9).
An ufetubus comes into view.
The ufetubus shouts!
You throw a silver javelin.
The silver javelin pierces through the ufetubus!
You kill the ufetubus!
No target in view!
Found a staircase to the Ecumenical Temple.
A gargoyle comes into view. It is wielding a +2 vorpal flail.
A gargoyle is nearby!
The gargoyle hits you with a +2 vorpal flail!
The gargoyle closely misses you.
You throw a silver javelin.
The silver javelin barely misses the gargoyle.
The gargoyle hits you with a +2 vorpal flail!!
* * * LOW HITPOINT WARNING * * *
x2 You barely miss the gargoyle.
The gargoyle hits you with a +2 vorpal flail!
You die...

#.. #..# #..# #..# #
#.># .# #.####..# ..
........#######.#.#.#
#............@.(.....
#######.####9##.#.#.#
..........#(..? ..
#######.#.#......##
#.#.#...⌠..#
#.#.##.....# ###
#.#.##⌠.>.⌠#
..###.#.##.....#
#.#...#.#


You could see a gargoyle.

Vanquished Creatures
  A black bear (D:5)
  An ogre (D:4)
  A scorpion (D:4)
  2 hounds
  3 iguanas (D:4)
  4 gnolls (D:2)
  6 adders
  An ufetubus (D:5)
  A worm (D:4)
  4 dart slugs
  6 orcs
  11 ball pythons
  3 bats
  7 endoplasms
  3 giant cockroaches
  10 goblins
  6 hobgoblins
  3 jackals (D:2)
  11 kobolds
  4 quokkas
  8 frilled lizards
  5 rats
101 creatures vanquished.

Vanquished Creatures (others)
  54 plants (D:4)
54 creatures vanquished.

Grand Total: 155 creatures vanquished

Notes
Turn   | Place    | Note
-------+----------+-------------------------------------------
     0 | D:1      | gelatine the Demonspawn Gladiator began the quest for the
                  | Orb.
     0 | D:1      | Reached XP level 1. HP: 16/16 MP: 1/1
   103 | D:1      | Gained mutation: You are partially covered in sharp spines.
                  | [demonic ancestry]
   103 | D:1      | Reached XP level 2. HP: 22/22 MP: 2/2
   231 | D:1      | Reached skill level 3 in Axes
   645 | D:1      | Gained mutation: A meltable shield of frost defends you.
                  | (SH +4) [demonic ancestry]
   645 | D:1      | Reached XP level 3. HP: 28/28 MP: 3/3
  1253 | D:2      | Reached XP level 4. HP: 4/34 MP: 4/4
  1585 | D:2      | Reached skill level 1 in Armour
  2180 | D:3      | Reached skill level 4 in Axes
  2447 | D:3      | Gained mutation: You are partially covered in yellow
                  | scales. (AC +2) [demonic ancestry]
  2447 | D:3      | Reached XP level 5. HP: 39/39 MP: 5/5
  2603 | D:4      | Found an opulent altar of Gozag.
  2615 | D:4      | Reached skill level 1 in Shields
  2786 | D:4      | Found a bloodstained altar of Trog.
  2787 | D:4      | Found a blossoming altar of Fedhas.
  3033 | D:4      | Reached skill level 1 in Stealth
  3036 | D:4      | Reached XP level 6. HP: 35/46 MP: 6/6
  3271 | D:4      | HP: 2/46 [ogre/+0 giant spiked club (22)]
  3737 | D:5      | Entered Level 5 of the Dungeon
  3739 | D:5      | Found a hazy altar of Hepliaklqana.
  3806 | D:5      | Reached skill level 5 in Axes
  3806 | D:5      | Reached XP level 7. HP: 52/52 MP: 7/7
  3937 | D:5      | Found a staircase to the Ecumenical Temple.
  3937 | D:5      | Noticed a gargoyle
  3941 | D:5      | Slain by a gargoyle

Illustrated notes

Levels and vault maps discovered:
D:1:      eino_arrival_druids_welcome, layout_basic, minmay_tripent
D:2:      minmay_alternating_diamond, layout_loops_ring, minmay_lizard_pond
D:3:      layout_rooms
D:4:      layout_loops_corners, grunt_gozag_statues,
          mainiacjoe_overflow_large_starburst, serial_bayou,
          serial_bayou_pond_b, serial_bayou_pond_d, serial_bayou_pond_c,
          serial_bayou_lagoon_a, st_stairs_3
D:5:      layout_loops_ring, mainiacjoe_overflow_alcove_4,
          mainiacjoe_overflow_cross_hatched, temple_fountains,
          minmay_fractal_squares_5, uniq_prince_ribbit1

Skill      XL: |  1  2  3  4  5  6 |
---------------+-------------------+-----
Dodging        | 3 |  3.4
Axes           | 3 4 5 |  5.2
Armour         | 1 2 |  2.3
Shields        | 1 2 |  2.0
Stealth        | 1 |  1.7
Throwing       | 2 |  2.1
Fighting       | 3 |  3.1

Action                   |  1- 3 |  4- 6 |  7- 9 || total
-------------------------+-------+-------+-------++-------
Melee: War axe           |    67 |   108 |     1 ||   176
Throw: Throwing net      |     1 |     3 |       ||     4
       Dart              |       |    10 |       ||    10
       Javelin           |       |     6 |     7 ||    13
  Use: Scroll            |       |     6 |       ||     6
       Potion            |       |     4 |       ||     4
 Stab: Sleeping          |     1 |       |       ||     1
       Held in net/web   |       |     1 |       ||     1
Armor: Leather armour    |    21 |    10 |       ||    31
       Ring mail         |       |    10 |       ||    10
Dodge: Dodged            |    43 |    60 |     1 ||   104
Block: Other             |     5 |    23 |       ||    28
